 Dungeon Crawl Stone Soup version 0.28.0-1-gb440e238dd (webtiles) character file.

Game seed: 10497689587334556195

2 cbfl8 the Sneak (level 1, -2/19 HPs)
             Began as a Minotaur Delver on Feb 23, 2022.
             Slain by a gnoll (5 damage)
             ... on level 5 of the Dungeon.
             The game lasted 00:00:31 (86 turns).

cbfl8 the Sneak (Minotaur Delver)                     Turns: 86, Time: 00:00:33

Health: -2/19      AC:  6    Str: 16    XL:     1   Next: 25%
Magic:  0/0        EV:  9    Int:  7    God:
Gold:   0          SH:  0    Dex: 11    Spells: 0/0 levels left

rFire   . . .      SeeInvis .   h - +0 falchion
rCold   . . .      Faith    .   (no shield)
rNeg    . . .      Spirit   .   i - +0 scale mail
rPois   .          Reflect  .   (helmet restricted)
rElec   .          Harm     .   (no cloak)
rCorr   .          Rampage  .   (no gloves)
Will    .....                   (no boots)
Stlth   +.........              (no amulet)
HPRegen 0.06/turn               (no ring)
MPRegen 0.07/turn               (no ring)

@: no status effects
A: horns 2, retaliatory headbutt
a: no special abilities


You were on level 5 of the Dungeon.
You visited 1 branch of the dungeon, and saw 1 of its levels.

Inventory:

Hand Weapons
 a - a +0 hand axe
 h - a +0 falchion (weapon)
Armour
 b - a +0 leather armour
 i - a +0 scale mail (worn)
Wands
 g - a wand of digging (3)
Scrolls
 c - a scroll of fog
 d - a scroll of magic mapping
 e - a scroll of fear
Potions
 f - a potion of haste


   Skills:
 + Level 3.6 Fighting
 + Level 2.4 Axes
 + Level 2.2 Dodging
 + Level 4.2 Stealth


You couldn't memorise any spells.
You didn't know any spells.
Your spell library was empty.

Dungeon Overview and Level Annotations

Branches:
Dungeon (5/15)
 Temple: D:4-7

Altars:


Innate Abilities, Weirdness & Mutations

You have a pair of horns on your head.
You reflexively headbutt those who attack you in melee.


Message History

You finish taking off your +0 leather armour.
You start putting on your armour.
You continue putting on your +0 scale mail. x5
You finish putting on your +0 scale mail.
There is an open door here.
A gnoll comes into view. It is wielding a +0 spear.
The gnoll shouts!
A bullfrog zombie comes into view.
A centaur skeleton comes into view.
A gnoll comes into view. It is wielding a +0 club.
Found a stone staircase leading up.
The gnoll shouts!
The bullfrog zombie hits you.
The bullfrog zombie hits you but does no damage.
The bullfrog zombie hits you but does no damage.
The bullfrog zombie barely misses you.
You closely miss the bullfrog zombie. You headbutt the bullfrog zombie!
The bullfrog zombie is moderately damaged.
The bullfrog zombie hits you but does no damage.
The gnoll hits you from afar with a +0 spear.
You barely miss the bullfrog zombie.
You headbutt the bullfrog zombie, but do no damage.
The bullfrog zombie is moderately damaged.
The bullfrog zombie barely misses you.
The gnoll hits you from afar with a +0 spear.
The bullfrog zombie hits you but does no damage.
The gnoll hits you from afar with a +0 halberd.
You slash the bullfrog zombie!
The bullfrog zombie is heavily damaged.
The bullfrog zombie hits you but does no damage.
The gnoll hits you from afar with a +0 spear.
* * * LOW HITPOINT WARNING * * *
The gnoll closely misses you. The bullfrog zombie closely misses you.
You furiously retaliate!
You headbutt the bullfrog zombie. You barely miss the bullfrog zombie.
The bullfrog zombie is severely damaged.
The gnoll hits you from afar with a +0 spear.
* * * LOW HITPOINT WARNING * * *
The bullfrog zombie barely misses you.
The gnoll hits you from afar with a +0 halberd.
You die...

..........#......#
..........#......#
..J..)....#......#
..........#......#
..##...####...####### ##
#... ###...####..## ....
#.....#......# .Z
<.....#.....#.†....# ...
Z....#@....'......# ....
#....+Z....#......#
....##gg..#gg...#......#
........##g....##....##
......##.....#######
#...##.....##
##...##......#
#...g........#
##...........#


You could see 3 gnolls and a bullfrog zombie.

Vanquished Creatures
  An orc (D:5)
1 creature vanquished.

Notes
Turn   | Place    | Note
-------+----------+-------------------------------------------
     0 | D:5      | cbfl8 the Minotaur Delver began the quest for the Orb.
     0 | D:5      | Reached XP level 1. HP: 19/19 MP: 0/0
     8 | D:5      | Noticed a jelly
    86 | D:5      | Slain by a gnoll

Illustrated notes

Levels and vault maps discovered:
D:5:      layout_gridville, uniq_grinder, uniq_duvessa

Action                   || total
-------------------------++-------
Melee: Falchion          ||     4
       Headbutt          ||     2
       Hand axe          ||     1
Armor: Scale mail        ||     5
       Leather armour    ||     1
Dodge: Dodged            ||     5
